 Dungeon Crawl Stone Soup version 0.28.0-53-g5a82cb258f (webtiles) character file.

Game seed: 15815359998934865746

2172 DocClef the Cleaver (level 9, 0/78 HPs)
             Began as a Purple Draconian Fighter on June 15, 2022.
             Was an Elder of Okawaru.
             Slain by Duvessa
             ... wielding a +0 rapier
              (11 damage)
             ... on level 7 of the Dungeon.
             The game lasted 00:06:16 (5835 turns).

DocClef the Cleaver (Purple Draconian Fighter)      Turns: 5835, Time: 00:06:16

Health: 0/78       AC: 10    Str: 22    XL:     9   Next: 11%
Magic:  8/9        EV: 14    Int:  8    God:    Okawaru [****..]
Gold:   95         SH:  5    Dex: 18    Spells: 8/8 levels left

rFire   . . .      SeeInvis .   a - +0 war axe
rCold   . . .      Faith    .   b - +0 buckler
rNeg    . . .      Spirit   .   (armour unavailable)
rPois   .          Reflect  .   (helmet restricted)
rElec   .          Harm     .   B - +0 cloak
rCorr   .          Rampage  .   s - +1 pair of gloves
Will    +....                   (no boots)
Stlth   +++.......              i - amulet of regeneration
HPRegen 1.03/turn               p - +6 ring of dexterity
MPRegen 0.11/turn               (no ring)

@: short of breath
A: breathe power, AC +7, unfitting armour, cold-blooded
a: Breathe Dispelling Energy, Renounce Religion, Heroism, Finesse


You were on level 7 of the Dungeon.
You worshipped Okawaru.
Okawaru was greatly pleased with you.
You visited 2 branches of the dungeon, and saw 8 of its levels.

You collected 227 gold pieces.
You spent 132 gold pieces at shops.

Inventory:

Hand Weapons
 a - a +0 war axe (weapon)
Armour
 b - a +0 buckler (worn)
 s - a +1 pair of gloves (worn)
 B - a +0 cloak (worn)
Jewellery
 i - an amulet of regeneration (around neck)
 p - a +6 ring of dexterity (left hand)
 q - an amulet of guardian spirit
 r - a ring of wizardry
Wands
 y - a wand of flame (11)
 D - a wand of polymorph (10)
Scrolls
 f - 2 scrolls of identify
 g - a scroll of noise
 j - 4 scrolls of enchant weapon {unknown}
 k - a scroll of fear {unknown}
 n - a scroll of silence {unknown}
 t - 2 scrolls of blinking {unknown}
 u - 2 scrolls of teleportation {unknown}
 z - a scroll of vulnerability {unknown}
 A - 2 scrolls of enchant armour {unknown}
Potions
 c - 3 potions of might
 d - 3 potions of lignification
 e - 4 potions of mutation
 h - 3 potions of brilliance
 l - 2 potions of degeneration
 m - 3 potions of haste
 o - a potion of ambrosia
 v - a potion of flight
 w - 4 potions of curing
 x - 2 potions of attraction


   Skills:
 + Level 6.4 Fighting
 + Level 9.0 Axes
 + Level 5.5 Dodging
 + Level 3.1 Stealth
 - Level 3.3 Shields


You had 8 spell levels left.
You didn't know any spells.
Your spell library contained the following spells:

 Spells                   Type           Power      Damage    Failure   Level
 Magic Dart               Conj           0%         1d3       50%         1
 Frozen Ramparts          Ice            0%         1d2       86%         3
 Gell's Gravitas          Tloc           0%         N/A       86%         3
 Mephitic Cloud           Conj/Pois/Air  0%         N/A       86%         3
 Teleport Other           Tloc           0%         N/A       86%         3
 Ice Form                 Ice/Tmut       0%         N/A       99%         4
 Dispersal                Tloc           0%         N/A       100%        6
 Call Imp                 Summ           Unusable   N/A       N/A         2
 Summon Ice Beast         Ice/Summ       Unusable   N/A       N/A         4

Dungeon Overview and Level Annotations

Branches:
Dungeon (7/15)             Temple (1/1) D:4

Altars:
Ashenzari
Elyvilon
Fedhas
Gozag
Hepliaklqana
Kikubaaqudgha
Makhleb
Nemelex Xobeh
Okawaru
Ru
Sif Muna
Trog
Uskayaw
Vehumet
Xom
Yredelemnul
Zin

Shops:
D:5 *   D:6 *=

Annotations:
D:7 Duvessa


Innate Abilities, Weirdness & Mutations

You can breathe bolts of dispelling energy.
Your rich purple scales are hard. (AC +7)
You cannot fit into any form of body armour.
You are cold-blooded and may be slowed by cold attacks.


Message History

You block Duvessa's attack. Duvessa hits you with a +0 rapier!!
You hit Duvessa but do no damage.
Duvessa is heavily wounded.
You have got your breath back.
Duvessa hits you with a +0 rapier!
You hit Duvessa.
You tail-slap Duvessa, but do no damage.
Duvessa is heavily wounded.
You feel like a meek peon again. Duvessa misses you.
You slash Duvessa!
You tail-slap Duvessa, but do no damage.
Duvessa is severely wounded.
You block Duvessa's attack. Duvessa hits you with a +0 rapier!!
You barely miss Duvessa.
Duvessa is severely wounded.
Duvessa hits you with a +0 rapier!
* * * LOW HITPOINT WARNING * * *
You hit Duvessa.
Duvessa is severely wounded.
You block Duvessa's attack. Duvessa hits you with a +0 rapier!
* * * LOW HITPOINT WARNING * * *
You hit Duvessa but do no damage.
Duvessa is severely wounded.
Duvessa hits you but does no damage. Duvessa hits you with a +0 rapier.
* * * LOW HITPOINT WARNING * * *
Unknown command.
You hit Duvessa.
Duvessa is severely wounded.
Duvessa hits you with a +0 rapier.
* * * LOW HITPOINT WARNING * * *
Unknown command.
Aiming: Breathe Dispelling Energy (4% risk of failure)
Press: ? - help, Shift-Dir - straight line, f/p - Duvessa
Aim: Duvessa, wielding a +0 rapier and wearing a +0 chain mail (severely wounded, berserk, 71% to hit)
You breathe a bolt of dispelling energy.
The bolt of dispelling energy hits Duvessa!
Duvessa is almost dead.
Duvessa hits you with a +0 rapier!
You die...

##############.#.#.##.#.#.#
#...........##.#.#.##.#.#.#
..+...........##.#.#)##.#.#.#
..#...........##.#.#.##.#.#.#
..#...........##.#.#.##.#.#.#
..#...........##.#)#.##.#.#.#
..#....))...).##.#.#.##.#.#.#
..#.....).....##e#.#.##.#.#.#
..#######.######@#.#.##)#.#.#
.ยง.....[....>###.#...##.#.#.#
..#######.##.#.....####.#.#.#
....# #.##...).#......#.#.#
#.#.# #.####...########.#.#
#.#.# #.# #............#.#
#.#.# #.####..###########.#
#.#.# #.#............# #.#
#.#.# #.#.##########.####.#


You could see Duvessa (berserk).

Vanquished Creatures
  Prince Ribbit (D:5)
  Sigmund (D:5)
  Eustachio (D:5)
  A steam dragon (D:7)
  Edmund (D:5)
  An ice beast (D:7)
  A sky beast (D:6)
  An ogre (D:6)
  2 necrophages
  A centaur (D:7)
  2 phantoms
  A scorpion (D:5)
  A wyvern zombie (D:6)
  A water moccasin skeleton (D:7)
  Dowan (D:7)
  A crimson imp (D:3)
  A bullfrog zombie (D:5)
  A hound (D:4)
  A bullfrog skeleton (D:6)
  Crazy Yiuf (D:5)
  A jelly (D:6)
  3 iguanas
  4 orc wizards
  A hound skeleton (D:4)
  8 adders
  2 ufetubi (D:6)
  An adder skeleton (D:2)
  2 worms
  3 dart slugs
  8 orcs
  6 bats
  10 endoplasms
  3 giant cockroaches (D:1)
  8 goblins
  13 hobgoblins
  4 jackals (D:1)
  3 quokkas
  4 ball pythons
  4 frilled lizards
  8 kobolds
  4 rats
122 creatures vanquished.

Vanquished Creatures (others)
  4 fungi (D:5)
4 creatures vanquished.

Grand Total: 126 creatures vanquished

Notes
Turn   | Place    | Note
-------+----------+-------------------------------------------
     0 | D:1      | DocClef the Draconian Fighter began the quest for the Orb.
     0 | D:1      | Reached XP level 1. HP: 19/19 MP: 1/1
    49 | D:1      | Reached XP level 2. HP: 22/26 MP: 2/2
   540 | D:1      | Reached XP level 3. HP: 30/33 MP: 3/3
  1720 | D:2      | Found a faded altar of an unknown god.
  1737 | D:2      | Reached skill level 3 in Axes
  1737 | D:2      | Reached XP level 4. HP: 40/40 MP: 4/4
  1806 | D:2      | Found a blossoming altar of Fedhas.
  2449 | D:3      | You fall into a shaft and drop 1 floor!
  2479 | D:4      | Found a white marble altar of Elyvilon.
  2515 | D:4      | Found a staircase to the Ecumenical Temple.
  2545 | Temple   | Entered the Ecumenical Temple
  2579 | Temple   | Became a worshipper of Warmaster Okawaru
  2637 | D:4      | Reached XP level 5. HP: 46/46 MP: 5/5
  2769 | D:4      | Reached skill level 4 in Axes
  2811 | D:4      | Noticed a necrophage
  2818 | D:4      | Killed a necrophage
  2877 | D:4      | Reached XP level 6. HP: 53/53 MP: 6/6
  3228 | D:3      | Found a sacrificial altar of Ru.
  3391 | D:3      | Found a burning altar of Makhleb.
  3391 | D:3      | Found a shimmering altar of Xom.
  3576 | D:5      | Entered Level 5 of the Dungeon
  3577 | D:5      | Noticed Sigmund
  3589 | D:5      | Killed Sigmund
  3589 | D:5      | Reached * piety under Okawaru
  3590 | D:5      | Reached skill level 5 in Axes
  3590 | D:5      | Reached skill level 1 in Stealth
  3614 | D:5      | Found a broken altar of Ashenzari.
  3624 | D:5      | Noticed Prince Ribbit
  3636 | D:5      | Killed Prince Ribbit
  3637 | D:5      | Reached skill level 6 in Axes
  3637 | D:5      | Your scales start taking on a rich purple colour.
  3637 | D:5      | Reached XP level 7. HP: 60/60 MP: 7/7
  3720 | D:5      | Found a sparkling altar of Nemelex Xobeh.
  3833 | D:5      | Reached skill level 5 in Fighting
  3837 | D:5      | Noticed Eustachio
  3864 | D:5      | Reached ** piety under Okawaru
  3872 | D:5      | Killed Eustachio
  3873 | D:5      | Reached skill level 7 in Axes
  3873 | D:5      | Reached XP level 8. HP: 68/68 MP: 8/8
  3895 | D:5      | Noticed Edmund
  3908 | D:5      | Killed Edmund
  4016 | D:5      | Found Xesykhos's CLEARANCE SALE!.
  4031 | D:5      | Bought a potion of mutation for 32 gold pieces
  4031 | D:5      | Bought a potion of curing for 12 gold pieces
  4031 | D:5      | Found a glowing silver altar of Zin.
  4036 | D:5      | Found a bloodstained altar of Trog.
  4265 | D:5      | Found a runed translucent door.
  4266 | D:5      | Noticed Crazy Yiuf
  4274 | D:5      | Killed Crazy Yiuf
  4399 | D:6      | Found Udyom's Assorted Antiques.
  4408 | D:6      | Bought a bubbling silvery potion for 16 gold pieces
  4408 | D:6      | Bought a scroll labelled DIBRONIKKI for 18 gold pieces
  4408 | D:6      | Bought a scroll labelled ZAXET JAUFA for 18 gold pieces
  4408 | D:6      | Bought a scroll labelled FOSCHE GOTISEO for 18 gold pieces
  4408 | D:6      | Bought a scroll labelled ZAXET JAUFA for 18 gold pieces
  4462 | D:6      | Reached skill level 5 in Dodging
  4607 | D:6      | Reached *** piety under Okawaru
  4613 | D:6      | Found Giej Tuset's Jewellery Emporium.
  4740 | D:6      | Reached skill level 8 in Axes
  5501 | D:7      | Reached **** piety under Okawaru
  5502 | D:7      | Reached XP level 9. HP: 39/77 MP: 9/9
  5563 | D:7      | Reached skill level 9 in Axes
  5784 | D:7      | Noticed Dowan
  5798 | D:7      | Killed Dowan
  5814 | D:7      | Noticed Duvessa
  5835 | D:7      | Slain by Duvessa

Illustrated notes

Levels and vault maps discovered:
D:1:      dpeg_arrival_rooms_c, layout_loops_ring
D:2:      minmay_general_purpose_star, layout_loops_ring,
          shapermc_ecumenical_altar_mp_highgroup, basic_altar,
          minmay_pentomino_w2
D:3:      layout_basic, grunt_temple_overflow_champion_of_chaos,
          nicolae_ru_path_of_blood
D:4:      layout_basic, nicolae_elyvilon_peaceful_grove,
          minmay_temple_entry_stoned_glass
D:5:      layout_basic, cheibrodos_ashenzari_chains,
          nemelex_diamond_rough_becter, grunt_temple_overflow_open,
          nicolae_shop_clearance, uniq_sigmund, uniq_crazy_yiuf_cottage,
          uniq_prince_ribbit1, uniq_edmund, uniq_eustachio
D:6:      layout_loops_corners, serial_shops, nicolae_shop_statue_plus,
          nicolae_square_shop
D:7:      layout_basic, uniq_menkaure, uniq_duvessa
Temple:   jpeg_temple_island

Skill      XL: |  1  2  3  4  5  6  7  8  9 |
---------------+----------------------------+-----
Dodging        | 3 4 5 |  5.5
Fighting       | 4 5 6 |  6.4
Axes           | 3 4 6 7 8 9 |  9.0
Stealth        | 1 2 3 |  3.1
Shields        | |  3.3

Action                   |  1- 3 |  4- 6 |  7- 9 || total
-------------------------+-------+-------+-------++-------
Melee: War axe           |   104 |   128 |   238 ||   470
       Tailslap          |     7 |    14 |    32 ||    53
Invok: Heroism           |       |       |     1 ||     1
 Abil: Breathe Dispellin |       |       |     3 ||     3
  Use: Scroll            |       |       |     5 ||     5
       Potion            |       |       |     2 ||     2
 Stab: Sleeping          |       |     4 |     7 ||    11
Armor: Skin              |    42 |    41 |    91 ||   174
Dodge: Dodged            |    71 |    67 |   107 ||   245
Block: Buckler           |    12 |    26 |    66 ||   104
